 Dungeon Crawl Stone Soup version 0.27-a0-1118-ga84896973d (webtiles) character file.

Game seed: 16946563525948473291

58 DarkShadow the Covered (level 3, -2/33 HPs)
             Began as a Minotaur Fighter on May 2, 2021.
             Succumbed to a goblin's poison
             ... on level 2 of the Dungeon.
             The game lasted 00:02:40 (1441 turns).

DarkShadow the Covered (Minotaur Fighter)           Turns: 1441, Time: 00:02:40

Health: -2/33      AC:  7    Str: 21    XL:     3   Next: 76%
Magic:  2/2        EV:  7    Int:  5    God:
Gold:   49         SH:  9    Dex:  9    Spells: 2/2 levels left

rFire    . . .     SeeInvis .   a - +0 long sword
rCold    . . .     Faith    .   c - +0 kite shield
rNeg     . . .     Spirit   .   b - +0 scale mail
rPois    .         Reflect  .   (helmet restricted)
rElec    .         Harm     .   (no cloak)
rCorr    .         Rampage  .   (no gloves)
Will     .....                  (no boots)
Stlth    ..........             (no amulet)
HPRegen  0.11/turn              (no ring)
MPRegen  0.08/turn              (no ring)

@: lethally poisoned (-2 -> -18)
A: horns 2, retaliatory headbutt
a: no special abilities


You were on level 2 of the Dungeon.
You visited 1 branch of the dungeon, and saw 2 of its levels.

You collected 49 gold pieces.

Inventory:

Hand Weapons
 a - a +0 long sword (weapon)
Armour
 b - a +0 scale mail (worn)
 c - a +0 kite shield (worn)
Scrolls
 e - a scroll of magic mapping {unknown}
Potions
 d - 2 potions of might


   Skills:
 + Level 4.1 Fighting
 + Level 3.3 Long Blades
 + Level 4.3 Armour
 + Level 0.5 Dodging
 + Level 4.1 Shields


You had 2 spell levels left.
You didn't know any spells.
Your spell library contained the following spells:

 Spells                   Type           Power      Damage    Failure   Level
 Confusing Touch          Hex            0%         N/A       100%        3
 Gell's Gravitas          Tloc           0%         N/A       100%        3
 Petrify                  Tmut/Erth      0%         N/A       100%        4
 Metabolic Englaciation   Hex/Ice        0%         N/A       100%        5
 Yara's Violent Unravell  Hex/Tmut       0%         3d3       100%        5


Dungeon Overview and Level Annotations

Branches:
Dungeon (2/15)

Altars:

Annotations:
D:2 Natasha, Robin


Innate Abilities, Weirdness & Mutations

You have a pair of horns on your head.
You reflexively headbutt those who attack you in melee.


Message History

You hit the dart slug.
The dart slug is moderately wounded.
You feel very sick.
Natasha howls an incantation.
Natasha's front paws start to glow.
You block Natasha's attack. The dart slug closely misses you.
The goblin hits you but does no damage.
You are more poisoned.
Natasha claws you but does no damage.
Robin of the Strong Arm comes into view.
They are wielding a +0 short sword.
You slash the dart slug!
You kill the dart slug!
You feel very sick. You block the goblin's attack. You block Natasha's attack.
Robin throws the goblin at you! The goblin hits you but does no damage.
You barely miss the goblin.
You feel very sick.
The goblin hits you with a +2 dagger of venom.
You are lethally poisoned!
Natasha mumbles some strange words.
Natasha glows brightly for a moment.
You block Natasha's attack. The goblin barely misses you.
You furiously retaliate!
You headbutt the goblin!
You kill the goblin!
The goblin hits you with a +0 club.
The goblin hits you with a +2 dagger of venom.
You are more poisoned.
Natasha claws you but does no damage.
* * * LOW HITPOINT WARNING * * *
You feel very sick. The goblin hits you but does no damage.
* * * LOW HITPOINT WARNING * * *
You feel very sick.
A hobgoblin comes into view.
Natasha hisses.
Robin throws the goblin at you! The goblin hits you but does no damage.
A hobgoblin comes into view.
Things that are here:
a +0 dagger of electrocution; a goblin corpse You die...

#####..###########.#............<
#............# #.#.#....##.####
#.###..#####.# #.#.#....##.#
..###..# ##.## #...........
....[..# ...############.##
.......##.##..#.......# .#
............).#.#####.# .
......#######.#.#### .#...##
#.......@)g# .########.###.#.##g#
..####.##.###.#...†h..#
...#..#..........#g####
.....###..##.###.#.g. ....##
##.##.# #.#.g.. .....###.###.
.##... ...#..#..###.# .# ##
..####.......#


You could see Natasha and 2 goblins.

Vanquished Creatures
  An adder (D:2)
  3 dart slugs
  5 bats (D:1)
  4 endoplasms (D:1)
  2 giant cockroaches (D:1)
  4 goblins
  A hobgoblin (D:1)
  2 jackals (D:1)
  5 kobolds
  A quokka (D:1)
  9 ball pythons
  2 frilled lizards (D:1)
  3 rats
42 creatures vanquished.

Notes
Turn   | Place    | Note
-------+----------+-------------------------------------------
     0 | D:1      | DarkShadow the Minotaur Fighter began the quest for the
                  | Orb.
     0 | D:1      | Reached XP level 1. HP: 19/19 MP: 0/0
     2 | D:1      | Noticed a palentonga
     2 | D:1      | Noticed an octopode
     4 | D:1      | Noticed a draconian
     4 | D:1      | Noticed a gargoyle
     6 | D:1      | Noticed a vampire
     6 | D:1      | Noticed a spriggan
     8 | D:1      | Noticed an elf
     8 | D:1      | Noticed a minotaur
    10 | D:1      | Noticed a ghoul
    10 | D:1      | Noticed a human
    12 | D:1      | Noticed a felid
    14 | D:1      | Noticed a troll
    14 | D:1      | Noticed an ogre
    17 | D:1      | Noticed a naga
    17 | D:1      | Noticed a vine stalker
    19 | D:1      | Noticed a demonspawn
    19 | D:1      | Noticed a centaur
    21 | D:1      | Noticed a barachi
    21 | D:1      | Noticed a merfolk
    23 | D:1      | Noticed a tengu
    25 | D:1      | Noticed a demigod
    25 | D:1      | Noticed a dwarf
    27 | D:1      | Noticed a formicid
    73 | D:1      | Found a faded altar of an unknown god.
   408 | D:1      | Reached XP level 2. HP: 27/27 MP: 1/1
   757 | D:1      | Reached XP level 3. HP: 33/33 MP: 2/2
  1432 | D:2      | Noticed Natasha
  1436 | D:2      | Noticed Robin
  1441 | D:2      | Succumbed to a goblin's poison

Illustrated notes

Levels and vault maps discovered:
D:1:      kb_arrival_jail, layout_loops_corners,
          shapermc_ecumenical_altar_flowoftime
D:2:      layout_loops_cross, st_stairs_11, uniq_jessica, uniq_robin,
          uniq_natasha, uniq_sigmund

Skill      XL: |  1  2  3 |
---------------+----------+-----
Armour         | 4 |  4.3
Fighting       | 4 |  4.1
Long Blades    | 3 |  3.3
Shields        | 4 |  4.1
Dodging        | |  0.5

Action                   || total
-------------------------++-------
Melee: Long sword        ||    87
       Headbutt          ||    17
  Use: Scroll            ||     1
Armor: Scale mail        ||    41
Dodge: Dodged            ||    29
Block: Kite shield       ||    58
       Rpst.: Long sword ||     8

Table legend: (Time is in decaauts)
 A = Elapsed time spent in this place.
 B = Non-inter-level travel time spent in this place.
 C = Inter-level travel time spent in this place.
 D = Time resting spent in this place.
 E = Time spent auto-exploring this place.
 F = Levels seen in this place.
 G = Mean time per level.
                   A        B        C        D        E       F      G
               +--------+--------+--------+--------+--------+-----+--------+
         Total |   1484 |   1460 |     24 |      0 |   1219 |   2 |  742.0 |
       Dungeon |   1484 |   1460 |     24 |      0 |   1219 |   2 |  742.0 |
               +--------+--------+--------+--------+--------+-----+--------+

Top non-repeatable levels by time:
     D:1: 1277 daAuts
     D:2: 206 daAuts
